 Dungeon Crawl Stone Soup version 0.30-a0-586-g23e55c9e0a (webtiles) character file.

Game seed: 3542309956914970157

1361 billz999 the Poker (level 8, -9/55 HPs)
             Began as a Djinni Ice Elementalist on Jan 4, 2023.
             Was a Follower of Makhleb.
             Mangled by a wight
             ... wielding a +4 great sword
              (20 damage)
             ... on level 6 of the Dungeon.
             The game lasted 00:11:15 (5491 turns).

billz999 the Poker (Djinni Ice Elementalist)        Turns: 5491, Time: 00:11:16

Health: -9/55      AC:  3    Str:  7    XL:     8   Next: 96%
Gold:   281        EV: 12    Int: 20    God:    Makhleb [*.....] SH:  5 Dex: 13

rFire   + + .      SeeInvis .    e - +7 spear "Retu" {holy, rC+}
rCold   + . .      Faith    .    (no shield)
rNeg    . . .      Spirit   .    a - +0 robe
rPois   ∞          Reflect  +    (no helmet)
rElec   .          Harm     .    (no cloak)
rCorr   .          Rampage  .    r - +0 pair of gloves
Will    .....                    (boots unavailable)
Stlth   ++                       t - amulet of reflection
HPRegen 0.29/turn                c - ring of protection from cold
MPRegen 0.00/turn                (no ring)

@: about to teleport, weak-willed, marked, flying
A: sickness immunity, fire resistance 2, cold vulnerability 1, float, innate
caster, HP casting, extra vitality 1
a: Renounce Religion


You were on level 6 of the Dungeon.
You worshipped Makhleb.
Makhleb was aware of your devotion.
You visited 2 branches of the dungeon, and saw 7 of its levels.

You collected 281 gold pieces.

Inventory:

Hand Weapons
 e - the +7 spear "Retu" (weapon) {holy, rC+}
   (You found it on level 2 of the Dungeon)

   It has been blessed by the Shining One to cause great damage to the undead
   and demons.
   rC:        It protects you from cold.
Missiles
 p - a throwing net
Armour
 a - a +0 robe (worn)
 r - a +0 pair of gloves (worn)
Jewellery
 c - a ring of protection from cold (left hand)
 t - an amulet of reflection (around neck)
Scrolls
 d - a scroll of immolation
 g - 2 scrolls of fog
 o - a scroll of silence
 q - a scroll of amnesia {unknown}
 x - a scroll of enchant armour {unknown}
Potions
 b - 2 potions of magic
 f - 4 potions of brilliance {unknown}
 h - 3 potions of degeneration {unknown}
 i - a potion of cancellation {unknown}
 k - 3 potions of curing {unknown}
 l - 2 potions of flight {unknown}
 s - a potion of attraction {unknown}
 u - a potion of might {unknown}
 w - a potion of ambrosia {unknown}


   Skills:
 - Level 2.6 Fighting
 * Level 7.8 Polearms
 - Level 2.1 Dodging
 - Level 1.5 Stealth
 - Level 4.0 Spellcasting


You couldn't memorise any spells.
You knew the following spells:

 Your Spells              Type           Power      Damage    Failure   Level
a - Freeze                Ice            80%        1d9       2%          1
b - Frozen Ramparts       Ice            40%        1d7       8%          3
c - Ozocubu's Armour      Ice            20%        N/A       8%          3
d - Summon Ice Beast      Ice/Summ       20%        N/A       24%         4
e - Magic Dart            Conj           80%        1d7       2%          1
f - Searing Ray           Conj           40%        2d5       3%          2
g - Poisonous Vapours     Pois/Air       40%        N/A       3%          2
Your spell library was empty.

Dungeon Overview and Level Annotations

Branches:
Dungeon (6/15)             Temple (1/1) D:4

Altars:
Elyvilon
Fedhas
Gozag
Hepliaklqana
Makhleb
Nemelex Xobeh
Okawaru
Qazlal
Ru
Trog
Uskayaw
Wu Jian
Xom
Yredelemnul
Zin

Shops:
D:2 *   D:3 (

Annotations:
D:2 1 runed translucent door, Crazy Yiuf
D:3 1 runed translucent door, bande's ghost, amateur GrFi


Innate Abilities, Weirdness & Mutations

You are immune to sickness and miasma.
You are immune to poison.
Your flesh is very heat resistant. (rF++)
You are vulnerable to cold. (rC-)
You float through the air rather than walking.
You learn spells naturally, not from books.
Your magical power is your life essence.
You have superior vitality. (+4 MHP)


Message History

Okay, then.
Unknown command.
Casting: Poisonous Vapours (safe; 3% risk of failure)
Confirm with . or Enter, or press ? or * to list all spells.
Aiming: Searing Ray (safe; 3% risk of failure)
Press: ? - help, Shift-Dir - straight line, f - wight
Aim: a wight, wielding a +0 scimitar and wearing a +0 robe (78% to hit)
The searing ray hits the wight.
The wight is moderately damaged.
The searing ray hits the wight.
The wight is moderately damaged. (Press . to maintain the ray.)
You reach to attack!
You puncture the wight!
The wight convulses!
You destroy the wight!
Makhleb accepts your kill.
The frozen ramparts melt away.
You aren't carrying any items that you can evoke.
Unknown command.
You reach to attack!
You hit the wight but do no damage.
Your magical contamination has completely faded away.
Things that are here:
a +0 hand axe; a +0 leather armour; an orc corpse
As you read the scroll labelled VELICUPPATID, it crumbles to dust.
Magic quickly surges around you.
It was a scroll of vulnerability.
As you read the scroll labelled LYGA VAIN POR, it crumbles to dust.
It is a scroll of brand weapon.
The +0 hand axe projects an invisible shield of force! a +0 hand axe of protection The wight hits you with a +4 great sword!!
The wight hits you with a +1 long sword!
* * * LOW HITPOINT WARNING * * *
Unknown command.
As you read the scroll labelled TYHOSITY FOAC, it crumbles to dust.
You feel strangely unstable.
It was a scroll of teleportation.
You block the wight's attack. x2
The wight hits you with a +4 great sword.
* * * LOW HITPOINT WARNING * * *
The wight attacks as you move away!
The wight hits you with a +4 great sword!!
You die...

#..........
#.........
........ #......
..... ... #.##
#@.# #zz# ##z##
#########
#..####.......#
##.#..........##
#.)...........#
#............#
#............#
##...........#


You could see 3 wights.

Vanquished Creatures
  A water moccasin (D:5)
  An ice beast (D:5)
  An ogre (D:4)
  2 phantoms (D:5)
  A scorpion (D:6)
  3 necrophages
  A wight (D:6)
  2 hounds (D:5)
  5 orc priests
  A jelly (D:5)
  2 iguanas
  2 orc wizards
  4 adders
  7 gnolls
  3 worms
  A dart slug (D:2)
  19 orcs
  2 ball pythons
  4 bats
  4 endoplasms
  3 giant cockroaches
  6 hobgoblins
  12 jackals
  7 kobolds
  4 quokkas
  A frilled lizard (D:1)
  7 goblins
  4 rats
110 creatures vanquished.

Vanquished Creatures (collateral kills)
  An ogre (D:4)
1 creature vanquished.

Vanquished Creatures (others)
  5 plants (D:4)
5 creatures vanquished.

Grand Total: 116 creatures vanquished

Notes
Turn   | Place    | Note
-------+----------+-------------------------------------------
     0 | D:1      | billz999 the Djinni Ice Elementalist began the quest for
                  | the Orb.
     0 | D:1      | billz999 set off with the following spells memorised:
                  | Freeze, Frozen Ramparts, Ozocubu's Armour, Summon Ice
                  | Beast.
     0 | D:1      | Reached XP level 1. HP: 15/15 MP: 0/0
    44 | D:1      | Reached XP level 2. HP: 6/21 MP: 0/0
   197 | D:1      | Reached XP level 3. HP: 16/25 MP: 0/0
   197 | D:1      | Learned a level 1 spell: Magic Dart
   419 | D:1      | You are sucked into a shaft and drop 1 floor!
   431 | D:2      | Found Vuening's Assorted Antiques.
   553 | D:2      | Identified the +7 spear "Retu" {holy, rC+}
   645 | D:2      | Reached XP level 4. HP: 26/31 MP: 0/0
   694 | D:2      | Reached skill level 1 in Polearms
   895 | D:2      | Reached skill level 1 in Fighting
  1198 | D:2      | Found a runed translucent door.
  1198 | D:2      | Found the +6 shillelagh "Devastator" {shatter}
  1199 | D:2      | Noticed Crazy Yiuf
  1550 | D:3      | Found an ornate altar of the Wu Jian Council.
  1679 | D:3      | Reached XP level 5. HP: 16/37 MP: 0/0
  1679 | D:3      | Learned a level 2 spell: Searing Ray
  1840 | D:3      | Found a runed translucent door.
  1841 | D:3      | Noticed bande's ghost (amateur GrFi)
  1996 | D:3      | Reached skill level 2 in Polearms
  2095 | D:3      | Found Puyczeb's Weapon Emporium.
  2810 | D:4      | Found a staircase to the Ecumenical Temple.
  2831 | D:4      | Reached XP level 6. HP: 17/44 MP: 0/0
  2928 | D:4      | Reached skill level 3 in Polearms
  3006 | D:4      | Noticed an ogre
  3017 | Temple   | Entered the Ecumenical Temple
  3157 | Temple   | Became a worshipper of Makhleb the Destroyer
  3220 | D:4      | Noticed an ogre
  3225 | D:4      | Killed an ogre
  3334 | D:4      | Killed an ogre
  3335 | D:4      | Reached skill level 4 in Polearms
  3335 | D:4      | Reached XP level 7. HP: 41/49 MP: 0/0
  3335 | D:4      | Learned a level 2 spell: Poisonous Vapours
  3631 | D:4      | Reached skill level 5 in Polearms
  3801 | D:5      | Entered Level 5 of the Dungeon
  4067 | D:5      | Reached XP level 8. HP: 26/55 MP: 0/0
  4290 | D:5      | Reached skill level 6 in Polearms
  4593 | D:5      | Reached * piety under Makhleb
  4790 | D:5      | Reached skill level 7 in Polearms
  5491 | D:6      | Mangled by a wight

Illustrated notes

Levels and vault maps discovered:
D:1:      heliophobic_arrival_glass_houses, layout_rooms
D:2:      layout_loops_ring, serial_shops, nicolae_shop_trees,
          minmay_misc_feat_tower, nicolae_concentric_dashed_squares_wild,
          mrwooster_statue_mirror, kennysheep_generic_room_9,
          uniq_crazy_yiuf_cottage
D:3:      layout_loops_corners, nicolae_overflow_crystal_walls,
          hellmonk_ghost_happy_afterlife, serial_shops,
          nicolae_shop_bloodbath_and_beyond
D:4:      layout_rooms, minmay_temple_entry_overgrown, minmay_cupped
D:5:      layout_basic
D:6:      layout_cave_pods, mainiacjoe_overflow_alcove_1,
          nicolae_tso_swordbearing_angel
Temple:   nicolae_temple_bog_church

Skill      XL: |  1  2  3  4  5  6  7  8 |
---------------+-------------------------+-----
Spellcasting   | 4 |  4.0
Polearms       | 1 2 4 5 7 |  7.8
Fighting       | 1 2 |  2.6
Dodging        | |  2.1
Stealth        | |  1.5

Action                   |  1- 3 |  4- 6 |  7- 9 || total
-------------------------+-------+-------+-------++-------
Melee: Spear             |     6 |    25 |    24 ||    55
       Unarmed           |     1 |     2 |       ||     3
 Cast: Freeze            |    39 |    23 |     9 ||    71
       Frozen Ramparts   |     3 |    11 |    11 ||    25
       Magic Dart        |       |    54 |     5 ||    59
       Searing Ray       |       |     4 |    45 ||    49
       Summon Ice Beast  |       |     1 |     3 ||     4
       Ozocubu's Armour  |       |     1 |       ||     1
       Poisonous Vapours |       |       |    31 ||    31
  Use: Scroll            |       |     1 |     5 ||     6
 Stab: Sleeping          |       |     1 |       ||     1
Armor: Robe              |     4 |     4 |     7 ||    15
Dodge: Dodged            |    13 |    31 |    12 ||    56
Block: Other             |       |       |     6 ||     6
       Reflection        |       |       |     1 ||     1

Table legend: (Time is in decaauts)
 A = Elapsed time spent in this place.
 B = Non-inter-level travel time spent in this place.
 C = Inter-level travel time spent in this place.
 D = Time resting spent in this place.
 E = Time spent auto-exploring this place.
 F = Levels seen in this place.
 G = Mean time per level.
                   A        B        C        D        E       F      G
               +--------+--------+--------+--------+--------+-----+--------+
         Total |   5484 |   5296 |    188 |    361 |   4263 |   7 |  783.4 |
       Dungeon |   5311 |   5164 |    147 |    361 |   4145 |   6 |  885.2 |
        Temple |    172 |    131 |     41 |      0 |    118 |   1 |  172.0 |
               +--------+--------+--------+--------+--------+-----+--------+

Top non-repeatable levels by time:
     D:5: 1610 daAuts
     D:3: 1120 daAuts
     D:4: 1091 daAuts
     D:2: 998 daAuts
     D:1: 419 daAuts
  Temple: 172 daAuts
     D:6: 72 daAuts
